Map: Thunderbird LE

Players

ShoWTimE

  • Race: Protoss Protoss
  • League: Grandmaster
  • Spawn Location: 11:00

lIlIlIlIIlIl (Dear) - Winner!

  • Race: Protoss Protoss
  • League: Master
  • Spawn Location: 5:00

Event: 2019 Assembly Summer

VOD

Have the link to the VOD?

Description

Time

  • Played on: Aug. 2, 2019, 6:16 a.m.
  • Length: 10:45

All games in this series

Show
View Real Time Build Order
Export as new Build Order

ShoWTimE Protoss 

Build Orders: Phoenix Opening, Zealot Archon 

Get SALT Encoding   

  12  0:00  Probe  
  13  0:12  Probe  
  14  0:17  Pylon  
  14  0:24  Probe  
  15  0:32  Probe  
  15  0:37  Gateway  
  15  0:40  Probe  
  16  0:46  Assimilator  
  17  0:51  Probe  
  17  0:54  Assimilator  
  18  0:59  Probe  
  19  1:07  Probe  
  19  1:10  Gateway  
  19  1:17  Probe  
  20  1:24  Cybernetics Core  
  21  1:29  Probe  
  22  1:34  Pylon  
  22  1:41  Probe  
  23  1:53  Probe  
  24  2:00  Warp Gate, Sentry, Stalker  
  28  2:12  Pylon  
  28  2:30  Stargate  
  28  2:36  Pylon  
  28  2:37  Phoenix, Stalker  
  29  2:49  Stalker  
  31  3:00  Nexus  
  31  3:06  Shield Battery  
  31  3:09  Probe  
  32  3:19  Phoenix  
  34  3:26  Pylon  
  34  3:28  Probe  
  35  3:36  Phoenix  
  35  3:44  Probe  
  38  3:52  Pylon  
  38  3:56  Probe  
  39  4:10  Probe, Phoenix  
  39  4:14  Probe  
  43  4:18  Probe  
  43  4:22  Probe  
  44  4:26  Probe, Robotics Facility  
  44  4:30  Probe  
  46  4:37  Probe  
  47  4:40  Shield Battery  
  47  4:43  Probe  
  49  4:46  Sentry  
  49  4:49  Probe  
  52  4:53  Forge  
  52  4:54  Probe  
  53  5:01  Probe  
  53  5:02  Probe  
  55  5:07  Assimilator  
  55  5:09  Assimilator  
  55  5:10  Probe  
  55  5:13  Probe  
  56  5:15  Observer  
  56  5:17  Pylon  
  58  5:21  Protoss Ground Weapons Level 1, Probe  
  58  5:25  Probe  
  60  5:29  Pylon  
  60  5:33  Probe  
  61  5:37  Probe  
  61  5:38  Immortal  
  66  5:45  Probe  
  66  5:48  Twilight Council  
  66  5:49  Probe  
  68  5:57  Gateway  
  68  5:58  Gateway  
  68  6:01  Pylon  
  68  6:12  Nexus  
  68  6:14  Pylon  
  68  6:23  Immortal  
  72  6:26  Charge  
  72  6:29  Probe x2  
  74  6:40  Probe x2  
  74  6:45  Templar Archives  
  76  6:48  Probe x2  
  76  6:49  Gateway  
  78  6:56  Probe x2  
  80  7:07  Gateway, Probe x2  
  80  7:14  Gateway  
  80  7:15  Gateway  
  82  7:17  Protoss Ground Weapons Level 2  
  82  7:19  Probe x2, Assimilator  
  84  7:23  Assimilator  
  84  7:25  High Templar  
  84  7:26  High Templar, Pylon  
  88  7:31  Probe x3  
  88  7:32  Archon  
  91  7:38  High Templar x2, Pylon  
  91  7:42  Archon  
  91  7:43  Probe x2  
  97  7:50  Probe  
  98  7:54  Pylon  
  98  7:56  Warp Prism  
  100  7:59  Robotics Bay  
  100  8:02  Robotics Facility  
  100  8:06  Shield Battery  
  100  8:07  Shield Battery  
  100  8:10  Photon Cannon  
  100  8:12  Photon Cannon  
  100  8:14  Photon Cannon  
  100  8:19  High Templar x2  
  104  8:20  Pylon  
  104  8:23  Archon  
  104  8:25  Probe  
  104  8:26  Pylon  
  105  8:35  Zealot, Pylon  
  105  8:39  Colossus  
  105  8:40  Colossus  
  105  8:41  Nexus  
  107  8:43  Extended Thermal Lance  
  119  9:03  Zealot x2  
  119  9:04  Zealot x2  
  127  9:11  High Templar x2, Pylon  
  127  9:13  Pylon  
  127  9:15  Zealot x2, Pylon, Archon  
  135  9:21  Pylon  
  135  9:29  Zealot x2, Sentry  
  130  9:32  Zealot, Disruptor  
  130  9:36  Zealot x2  
  130  9:38  Disruptor  
  125  9:47  Zealot x2  
  125  9:50  Zealot x3  
  125  9:52  Zealot x2  
  121  9:57  Zealot  
  106  10:05  Zealot  
  98  10:12  Zealot x6  
  90  10:24  Zealot  
  84  10:29  Zealot  
  84  10:33  Probe x3  
  69  10:44  Zealot x3  
Show
View Real Time Build Order
Export as new Build Order

lIlIlIlIIlIl Protoss - Winner!

Build Orders: Oracle Opening, Zealot Archon 

Get SALT Encoding   

  12  0:00  Probe  
  13  0:12  Probe  
  14  0:17  Pylon  
  14  0:24  Probe  
  15  0:32  Probe  
  15  0:37  Gateway  
  15  0:40  Probe  
  16  0:45  Assimilator  
  17  0:51  Probe  
  17  0:54  Assimilator  
  18  0:59  Probe  
  19  1:06  Gateway  
  19  1:07  Probe  
  19  1:17  Probe  
  20  1:23  Cybernetics Core  
  21  1:29  Probe  
  22  1:34  Pylon  
  22  1:41  Probe  
  23  1:53  Probe  
  24  2:00  Stalker x2  
  28  2:03  Warp Gate  
  28  2:06  Probe  
  29  2:11  Pylon  
  29  2:19  Stargate  
  29  2:34  Stalker  
  31  2:37  Stalker  
  33  2:52  Shield Battery  
  33  2:56  Oracle  
  36  3:12  Nexus  
  36  3:15  Probe  
  37  3:24  Pylon  
  37  3:28  Probe  
  38  3:40  Probe  
  42  3:52  Probe  
  40  4:03  Twilight Council  
  40  4:04  Probe  
  39  4:15  Probe  
  40  4:18  Stalker x2  
  40  4:21  Probe  
  40  4:23  Probe  
  42  4:29  Probe  
  42  4:31  Blink, Probe  
  46  4:39  Probe  
  46  4:42  Probe  
  46  4:43  Stalker  
  46  4:44  Stalker  
  52  4:51  Probe, Assimilator  
  53  4:53  Assimilator  
  53  4:54  Probe  
  53  4:56  Pylon  
  54  5:02  Pylon  
  54  5:03  Probe  
  54  5:06  Probe  
  56  5:10  Forge  
  56  5:13  Stalker  
  56  5:14  Stalker  
  60  5:15  Probe  
  60  5:19  Probe  
  62  5:27  Probe  
  63  5:30  Protoss Ground Weapons Level 1  
  63  5:31  Probe  
  63  5:35  Nexus  
  64  5:39  Sentry x2  
  64  5:41  Probe  
  69  5:43  Probe  
  70  5:50  Robotics Facility  
  70  5:54  Probe  
  70  5:55  Probe  
  72  6:00  Gateway  
  72  6:03  Gateway  
  72  6:07  Probe x2  
  74  6:11  Gateway  
  74  6:18  Gateway  
  74  6:19  Probe  
  74  6:20  Probe  
  74  6:23  Templar Archives  
  76  6:28  Gateway  
  76  6:33  Charge  
  76  6:35  Gateway  
  76  6:37  Probe  
  76  6:38  Probe  
  78  6:48  Probe  
  78  6:49  Probe  
  78  6:50  Probe  
  78  6:52  Observer  
  82  6:56  Gateway, Protoss Ground Weapons Level 2  
  82  7:00  Probe  
  83  7:01  High Templar x2, Probe  
  83  7:02  Gateway, Probe  
  83  7:04  Assimilator  
  83  7:05  Assimilator  
  83  7:08  Pylon  
  89  7:11  High Templar x2  
  93  7:15  Pylon  
  93  7:20  Pylon  
  93  7:26  Probe x3  
  96  7:33  Pylon  
  96  7:34  Zealot  
  96  7:35  Zealot x3  
  96  7:36  Warp Prism  
  104  7:41  Pylon  
  104  7:42  Probe  
  104  7:43  Probe x2  
  109  7:47  Pylon  
  109  7:51  High Templar x2  
  113  7:56  Archon  
  113  7:58  Zealot x4  
  120  8:07  Nexus  
  120  8:10  Pylon  
  120  8:15  High Templar x2  
  120  8:19  Archon  
  124  8:21  High Templar  
  124  8:22  High Templar, Zealot x4  
  136  8:27  Archon x2  
  136  8:28  Zealot x2, Archon  
  140  8:36  Pylon  
  140  8:38  Pylon  
  140  8:39  Pylon  
  140  8:46  Pylon  
  140  8:55  Immortal  
  137  8:57  Zealot x5  
  137  8:58  Zealot  
  137  8:59  High Templar x4  
  157  9:02  Archon  
  157  9:03  Archon  
  161  9:15  Assimilator  
  161  9:18  Assimilator  
  159  9:28  Zealot x6  
  163  9:32  Immortal  
  155  9:40  Zealot x4  
  135  9:54  Zealot x3  
  135  9:55  Zealot x3  
  133  10:06  Stalker x2  
  133  10:07  Stalker x2  
  131  10:21  Stalker x3  
  123  10:24  Zealot x3  
Tags
 
Add a new tag
Caveats
  • Supply blocks, unpowered buildings, or Contaminate may cause inaccurate times.
  • Supply counts are checked every 10 seconds.